 Dungeon Crawl Stone Soup version 0.28.0-43-g3370ac3207 (webtiles) character file.

Game seed: 3031397724645972960

642 jimonade the Cutter (level 7, -1/51 HPs)
             Began as a Gnoll Wanderer on Mar 13, 2022.
             Shot with an arrow by a centaur (2 damage)
             ... on level 4 of the Dungeon.
             The game lasted 00:09:30 (4760 turns).

jimonade the Cutter (Gnoll Wanderer)                Turns: 4760, Time: 00:09:30

Health: -1/51      AC: 13    Str: 13    XL:     7   Next: 51%
Magic:  12/12      EV:  6    Int:  9    God:
Gold:   318        SH:  0    Dex: 14    Spells: 13/13 levels left

rFire   + . .      SeeInvis .   a - +0 rapier
rCold   . . .      Faith    .   (no shield)
rNeg    . . .      Spirit   .   r - +0 chain mail
rPois   .          Reflect  .   (no helmet)
rElec   .          Harm     .   w - +0 cloak
rCorr   .          Rampage  .   k - +1 pair of gloves
Will    .....                   c - +0 pair of boots
Stlth   ..........              (no amulet)
HPRegen 0.17/turn               m - ring of protection from fire
MPRegen 0.13/turn               (no ring)

@: no status effects
A: fangs 1, strong nose, distributed training
a: no special abilities


You were on level 4 of the Dungeon.
You visited 1 branch of the dungeon, and saw 4 of its levels.

You collected 318 gold pieces.

Inventory:

Hand Weapons
 a - a +0 rapier (weapon)
 e - a +0 whip
 o - a +0 long sword
Missiles
 f - 165 stones (quivered)
 g - 9 poisoned darts
 n - 12 arrows
 q - 16 sling bullets
Armour
 c - a +0 pair of boots (worn)
 d - a +0 leather armour
 h - a +0 leather armour
 k - a +1 pair of gloves (worn)
 p - a +0 ring mail
 r - a +0 chain mail (worn)
 w - a +0 cloak (worn)
Magical Staves
 s - a staff of conjuration
Jewellery
 m - a ring of protection from fire (left hand)
Scrolls
 b - 2 scrolls of vulnerability
 j - a scroll of blinking {unknown}
 t - a scroll of teleportation
 u - a scroll of fear {unknown}
 v - a scroll of identify
Potions
 i - 3 potions of brilliance
 l - a potion of lignification


   Skills:
 + Level 2.5 Fighting
 + Level 7.0 Short Blades
 + Level 2.5 Long Blades
 + Level 2.5 Axes
 + Level 2.5 Maces & Flails
 + Level 2.5 Polearms
 + Level 2.5 Staves
 + Level 2.5 Slings
 + Level 2.5 Bows
 + Level 2.5 Crossbows
 + Level 3.6 Throwing
 + Level 2.5 Armour
 + Level 3.6 Dodging
 + Level 3.5 Stealth
 + Level 2.5 Shields
 + Level 5.2 Unarmed Combat
 + Level 3.8 Spellcasting
 + Level 2.0 Conjurations
 + Level 2.0 Hexes
 + Level 2.0 Summonings
 + Level 2.0 Necromancy
 + Level 2.0 Translocations
 + Level 2.0 Transmutations
 + Level 2.0 Fire Magic
 + Level 2.0 Ice Magic
 + Level 2.0 Air Magic
 + Level 2.0 Earth Magic
 + Level 2.0 Poison Magic
 + Level 2.8 Invocations
 + Level 3.6 Evocations


You had 13 spell levels left.
You didn't know any spells.
Your spell library was empty.

Dungeon Overview and Level Annotations

Branches:
Dungeon (4/15)
 Temple: D:4-7

Altars:
Dithmenos
Kikubaaqudgha
Nemelex Xobeh


Innate Abilities, Weirdness & Mutations

You have very sharp teeth.
Your uncanny sense of smell can sniff out nearby items.
Your experience applies equally to all skills.


Message History

The centaur is lightly wounded.
The centaur shoots an arrow.
The arrow hits you!
You throw a stone.
The stone hits the centaur but does no damage.
The centaur is lightly wounded.
The centaur shoots an arrow.
The arrow barely misses you.
You throw a stone. The stone hits the centaur.
The centaur is lightly wounded.
The centaur shoots an arrow.
The arrow hits you but does no damage.
A scorpion comes into view.
You throw a stone.
The stone hits the centaur but does no damage.
The centaur is lightly wounded.
The centaur shoots an arrow.
The arrow hits you.
The centaur shoots an arrow.
The arrow hits you!
The centaur shoots an arrow.
The arrow hits you!
The centaur shoots an arrow.
The arrow hits you but does no damage.
The centaur shoots an arrow.
The arrow hits you.
* * * LOW HITPOINT WARNING * * *
The centaur shoots an arrow.
The arrow hits you but does no damage.
A hobgoblin comes into view.
The hobgoblin shouts!
The hobgoblin barely misses you.
You hit the hobgoblin. Your bite misses the hobgoblin.
The hobgoblin is heavily wounded.
The centaur shoots an arrow.
The arrow hits you.
* * * LOW HITPOINT WARNING * * *
You hit the hobgoblin.
The hobgoblin is almost dead.
The hobgoblin hits you.
* * * LOW HITPOINT WARNING * * *
You hit the hobgoblin.
You kill the hobgoblin!
The centaur shoots an arrow.
The arrow hits you.
* * * LOW HITPOINT WARNING * * *
The centaur shoots an arrow.
The arrow hits you.
* * * LOW HITPOINT WARNING * * *
The centaur shoots an arrow.
The arrow closely misses you.
The centaur shoots an arrow.
The arrow hits you.
You die...

#.# #c# #.# #.# #.#
### #.# .... #.#
.....
######.########......
#.....sc.....@.......
#.####.########......
#.# #.# ∆ ##### #.#
#.# ####.# #.# .....#
#.# #.#######.#
#..........
#..######.#


You could see a centaur and a scorpion.

Vanquished Creatures
  Grinder (D:4)
  An ogre (D:3)
  A phantom (D:4)
  A scorpion (D:4)
  A hound (D:4)
  Terence (D:3)
  2 iguanas (D:4)
  4 adders
  An adder skeleton (D:4)
  2 worms (D:2)
  2 dart slugs
  6 orcs
  8 endoplasms
  2 giant cockroaches (D:2)
  3 goblins
  7 hobgoblins
  3 jackals (D:2)
  A quokka (D:3)
  4 ball pythons
  5 bats
  2 frilled lizards
  4 kobolds
  2 rats
64 creatures vanquished.

Vanquished Creatures (others)
  4 toadstools (D:4)
4 creatures vanquished.

Grand Total: 68 creatures vanquished

Notes
Turn   | Place    | Note
-------+----------+-------------------------------------------
     0 | D:1      | jimonade the Gnoll Wanderer began the quest for the Orb.
     0 | D:1      | jimonade set off with the following items: a +0 rapier, a
                  | scroll of vulnerability, a +0 pair of boots, a +0 leather
                  | armour
     0 | D:1      | Reached XP level 1. HP: 13/13 MP: 4/4
   149 | D:1      | Reached XP level 2. HP: 5/19 MP: 5/5
   759 | D:1      | Found a faded altar of an unknown god.
   917 | D:2      | Reached XP level 3. HP: 11/25 MP: 7/7
  1399 | D:2      | Reached skill level 1 in Invocations
  1455 | D:2      | Reached skill level 1 in Fighting
  1455 | D:2      | Reached skill level 1 in Long Blades
  1455 | D:2      | Reached skill level 1 in Axes
  1455 | D:2      | Reached skill level 1 in Maces & Flails
  1455 | D:2      | Reached skill level 1 in Polearms
  1455 | D:2      | Reached skill level 1 in Staves
  1455 | D:2      | Reached skill level 1 in Slings
  1455 | D:2      | Reached skill level 1 in Bows
  1455 | D:2      | Reached skill level 1 in Crossbows
  1455 | D:2      | Reached skill level 1 in Armour
  1455 | D:2      | Reached skill level 1 in Shields
  1731 | D:2      | Reached XP level 4. HP: 28/32 MP: 8/8
  2133 | D:3      | Noticed an ogre
  2157 | D:3      | Killed an ogre
  2158 | D:3      | Reached skill level 1 in Conjurations
  2158 | D:3      | Reached skill level 1 in Hexes
  2158 | D:3      | Reached skill level 1 in Summonings
  2158 | D:3      | Reached skill level 1 in Necromancy
  2158 | D:3      | Reached skill level 1 in Translocations
  2158 | D:3      | Reached skill level 1 in Transmutations
  2158 | D:3      | Reached skill level 1 in Fire Magic
  2158 | D:3      | Reached skill level 1 in Ice Magic
  2158 | D:3      | Reached skill level 1 in Air Magic
  2158 | D:3      | Reached skill level 1 in Earth Magic
  2158 | D:3      | Reached skill level 1 in Poison Magic
  2158 | D:3      | Reached XP level 5. HP: 32/37 MP: 9/9
  2413 | D:3      | Noticed Terence
  2425 | D:3      | Killed Terence
  2846 | D:4      | Reached XP level 6. HP: 39/44 MP: 10/10
  3142 | D:4      | Found an ancient bone altar of Kikubaaqudgha.
  3146 | D:4      | Found a shadowy altar of Dithmenos.
  3256 | D:4      | Reached skill level 5 in Unarmed Combat
  3761 | D:4      | Noticed Grinder
  3761 | D:4      | Paralysed by Grinder for 6 turns
  3786 | D:4      | Killed Grinder
  3787 | D:4      | Reached skill level 7 in Short Blades
  3787 | D:4      | Reached XP level 7. HP: 31/51 MP: 12/12
  4564 | D:4      | Found a sparkling altar of Nemelex Xobeh.
  4758 | D:4      | HP: 1/51 [centaur/arrow (4)]
  4760 | D:4      | Shot with an arrow by a centaur

Illustrated notes

Levels and vault maps discovered:
D:1:      minmay_arrival_glassed_features, layout_basic,
          dreamdust_ecumenical_altar_grove, minmay_misc_feat_four_crosses
D:2:      layout_rooms
D:3:      layout_basic, uniq_terence
D:4:      layout_basic, mainiacjoe_overflow_concentric_impassable,
          makhleb_heckhound_becter, jmf_multi_god_temple,
          minmay_gold_behind_fungi, uniq_grinder

Skill      XL: |  1  2  3  4  5  6 |
---------------+-------------------+-----
Invocations    | 1 2 |  2.8
Fighting       | 1 2 |  2.5
Long Blades    | 1 2 |  2.5
Axes           | 1 2 |  2.5
Maces & Flails | 1 2 |  2.5
Polearms       | 1 2 |  2.5
Staves         | 1 2 |  2.5
Slings         | 1 2 |  2.5
Bows           | 1 2 |  2.5
Crossbows      | 1 2 |  2.5
Armour         | 1 2 |  2.5
Shields        | 1 2 |  2.5
Spellcasting   | 3 |  3.8
Conjurations   | 1 2 |  2.0
Hexes          | 1 2 |  2.0
Summonings     | 1 2 |  2.0
Necromancy     | 1 2 |  2.0
Translocations | 1 2 |  2.0
Transmutations | 1 2 |  2.0
Fire Magic     | 1 2 |  2.0
Ice Magic      | 1 2 |  2.0
Air Magic      | 1 2 |  2.0
Earth Magic    | 1 2 |  2.0
Poison Magic   | 1 2 |  2.0
Throwing       | 3 |  3.6
Dodging        | 3 |  3.6
Evocations     | 3 |  3.6
Stealth        | 3 |  3.5
Unarmed Combat | 5 |  5.2
Short Blades   | 7 |  7.0

Action                   |  1- 3 |  4- 6 |  7- 9 || total
-------------------------+-------+-------+-------++-------
Melee: Rapier            |   109 |   105 |    34 ||   248
       Bite              |    13 |    13 |    11 ||    37
       Punch             |     3 |     4 |     2 ||     9
Throw: Stone             |       |    16 |    10 ||    26
  Use: Scroll            |       |     3 |       ||     3
       Potion            |       |     1 |       ||     1
 Stab: Sleeping          |     2 |     2 |       ||     4
Armor: Leather armour    |    29 |     5 |       ||    34
       Chain mail        |       |    34 |    19 ||    53
       Ring mail         |       |     1 |       ||     1
       Skin              |       |     3 |       ||     3
Dodge: Dodged            |    60 |    20 |     8 ||    88
